 Dungeon Crawl Stone Soup version 0.17.2-1-ge4368a0 (webtiles) character file.

84 Goblin1989 the Insei (level 4, -4/35 HPs)
             Began as a Demonspawn Monk on Aug 6, 2016.
             Was a Believer of Cheibriados.
             Killed by divine providence
             ... invoked by an orc priest
              (14 damage)
             ... on level 3 of the Dungeon.
             The game lasted 00:03:55 (1609 turns).

Goblin1989 the Insei (Demonspawn Monk)              Turns: 1609, Time: 00:03:55

Health: -4/35      AC: 11    Str: 17    XL:     4   Next: 23%
Magic:  4/4        EV: 12    Int: 16    God:    Cheibriados [**....]
Gold:   101        SH:  0    Dex: 21    Spells: 0 memorised, 3 levels left

rFire  . . .     SeeInvis .       - Unarmed
rCold  . . .     Clarity  .     g - +0 ring mail
rNeg   . . .     SustAt   .     (no shield)
rPois  .         Gourm    .     w - +0 helmet
rElec  .         Spirit   .     v - +0 cloak
rCorr  .         Warding  .     i - +0 pair of gloves
rMut   .         Stasis   .     s - +0 pair of boots
MR     .....                    (no amulet)
Stlth  ..........               (no ring)
                                (no ring)

@: confused, very slow, not resistant to hostile enchantments, extremely
unstealthy
A: thin metallic scales 1
a: Bend Time, Renounce Religion


You were on level 3 of the Dungeon.
You worshipped Cheibriados.
Cheibriados was pleased with you.
You were not hungry.

You visited 1 branch of the dungeon, and saw 3 of its levels.

You collected 101 gold pieces.

Inventory:

Armour
 g - a +0 ring mail (worn)
 i - a +0 pair of gloves (worn)
 s - a +0 pair of boots (worn)
 v - a +0 cloak (worn)
 w - a +0 helmet (worn)
Jewellery
 r - a cursed ring of teleportation {unknown}
 t - an uncursed amulet of guardian spirit {unknown}
Scrolls
 a - a scroll of fear {unknown}
 c - 2 scrolls of teleportation {unknown}
 d - 2 scrolls of blinking {unknown}
 h - a scroll of enchant armour {unknown}
 j - 2 scrolls of identify {unknown}
 k - 2 scrolls of remove curse {unknown}
 n - a scroll of magic mapping {unknown}
 p - a scroll of amnesia {unknown}
 u - a scroll of random uselessness {unknown}
Potions
 e - a potion of heal wounds {unknown}
 f - a potion of agility {unknown}
 l - a potion of degeneration {unknown}
 o - a potion of cure mutation {unknown}
 q - a potion of beneficial mutation {unknown}
 x - a potion of curing {unknown}
 z - a potion of haste {unknown}
 A - a potion of flight {unknown}
Comestibles
 b - 4 bread rations
 m - 2 meat rations


   Skills:
 - Level 3.0 Fighting
 - Level 2.6 Dodging
 - Level 1.7 Stealth
 + Level 5.2 Unarmed Combat


You had 3 spell levels left.
You didn't know any spells.

Dungeon Overview and Level Annotations

Branches:
Dungeon (3/15)

Altars:
Cheibriados
Trog


Innate Abilities, Weirdness & Mutations

You are partially covered in thin metallic scales (AC +2).


Message History

You are too confused!
You are too confused!
You are too confused!
You are too confused!
You are too confused!
You are too confused!
Found a faded altar to an unknown god.
Something hits you but does no damage.
The orc priest invokes the aid of Beogh against you.
Something smites you!
You hear some strange, mumbled words.
A magic dart appears from out of thin air!
The magic dart hits you!
* * * LOW HITPOINT WARNING * * *
You take 16 damage, and have 10/35 hp.
MASSIVE DAMAGE!!
The orc priest casts a cantrip, but nothing happens.
Something hits you but does no damage.
The orc priest invokes the aid of Beogh against you.
Something smites you!
You die...

...## ####K )...#
#..........# .._.##
#..........# #...##.
#..........# ....##.###
##..........#
.........###.......$...#
....##.................#
...##. #.##.###........#
......##.....##.@..#
...#..####.#.(o(..#_#
#####.##..(...)....# #
#..#.#(####....... #
#.....# ........# ##
#..#.## .........#
.#####..#.# #.........#
..#.......# #.........#
#....###.## ###.....###


You could see an orc priest.

Vanquished Creatures
  2 adders
  3 worms
  2 giant geckos
  3 orcs (D:3)
  A ball python (D:1)
  4 giant cockroaches
  6 hobgoblins
  3 jackals (D:1)
  3 bats
  2 giant newts
  8 goblins
  6 kobolds
  6 rats
49 creatures vanquished.

Notes
Turn   | Place    | Note
--------------------------------------------------------------
     0 | D:1      | Goblin1989 the Demonspawn Monk began the quest for the Orb.
     0 | D:1      | Reached XP level 1. HP: 18/18 MP: 1/1
   165 | D:1      | Reached skill level 4 in Unarmed Combat
   204 | D:1      | Gained mutation: You are partially covered in thin metallic scales (AC +2). [demonic ancestry]
   204 | D:1      | Reached XP level 2. HP: 24/24 MP: 2/2
   937 | D:1      | Reached XP level 3. HP: 29/29 MP: 3/3
  1426 | D:3      | Found a snail-covered altar of Cheibriados.
  1445 | D:3      | Became a worshipper of Cheibriados the Contemplative
  1445 | D:3      | Reached * piety under Cheibriados
  1445 | D:3      | Reached ** piety under Cheibriados
  1461 | D:3      | Found a bloodstained altar of Trog.
  1465 | D:3      | Reached skill level 5 in Unarmed Combat
  1511 | D:3      | Reached XP level 4. HP: 28/35 MP: 4/4
  1607 | D:3      | Found a faded altar to an unknown god.
  1609 | D:3      | Killed from afar by an orc priest

Action                   |  1- 3 |  4- 6 || total
-------------------------+-------+-------++-------
Melee: Unarmed           |   166 |    14 ||   180
 Stab: Sleeping          |     1 |       ||     1
  Eat: Chunk             |     2 |       ||     2
